 Dungeon Crawl Stone Soup version 0.30-a0-857-gcaf70739d4 (webtiles) character file.

Game seed: 5784141908829686739

9851 demibob the Slicer (level 11, -2/75 HPs)
             Began as a Demonspawn Wanderer on Mar 6, 2023.
             Was a High Priest of Okawaru.
             Killed from afar by Erica (18 damage)
             ... with a bolt of poison
             ... on level 1 of the Lair of Beasts.
             The game lasted 00:21:01 (9621 turns).

demibob the Slicer (Demonspawn Wanderer)            Turns: 9621, Time: 00:21:02

Health: -2/75      AC: 28    Str: 17    XL:     11   Next: 28%
Magic:  14/14      EV:  5    Int: 15    God:    Okawaru [*****.]
Gold:   454        SH: 11    Dex: 17    Spells: 13/14 levels left

rFire   . . .      SeeInvis .    b - +1 short sword (vamp)
rCold   . . .      Faith    .    j - +0 kite shield
rNeg    . . .      Spirit   .    r - +10 plate armour "Raagor" {Rampage Regen+}
rPois   .          Reflect  .    (helmet restricted)
rElec   .          Rampage  +    (no cloak)
rCorr   .                        (no gloves)
Will    .....                    c - +1 pair of boots Stlth
                                 (no amulet)
HPRegen 1.12/turn                S - +6 ring of strength
MPRegen 0.28/turn                Y - +4 ring of slaying

@: lethally poisoned (-2 -> -12), slowed, very slow
A: horns 1, ignite blood 1, magic regeneration, sharp scales 2
a: Renounce Religion, Heroism, Finesse, Duel


You were on level 1 of the Lair of Beasts.
You worshipped Okawaru.
Okawaru was extremely pleased with you.
You visited 2 branches of the dungeon, and saw 10 of its levels.
You also visited: Bailey.

You collected 454 gold pieces.


Innate Abilities, Weirdness & Mutations

You have a pair of small horns on your head.
Your demonic aura sometimes causes spilled blood to erupt in flames.
You regenerate magic rapidly.
You are mostly covered in razor-sharp scales. (AC +2, Slay +2)


   Skills:
 - Level 3.3 Fighting
 - Level 10.5 Short Blades
 - Level 3.6 Throwing
 * Level 8.4 Armour
 - Level 2.2 Dodging
 - Level 1.7 Stealth
 + Level 8.3 Shields
 - Level 2.0 Spellcasting
 - Level 1.0 Hexes


You had 13 spell levels left.
You knew the following spells:

 Your Spells              Type           Power      Damage    Failure   Level
s - Slow                  Hex            16%        N/A       100%        1

Your spell library contained the following spells:

 Spells                   Type           Power      Damage    Failure   Level
 Apportation              Tloc           2%         N/A       100%        1
 Beastly Appendage        Tmut           2%         N/A       100%        1
 Freeze                   Ice            4%         1d3       100%        1
 Magic Dart               Conj           4%         1d3       100%        1
 Blink                    Tloc           2%         N/A       100%        2
 Searing Ray              Conj           2%         2d4       100%        2
 Wereblood                Tmut           1%         N/A       100%        2
 Dazzling Flash           Conj/Hex       6%         N/A       100%        3
 Frozen Ramparts          Ice            2%         1d1       100%        3
 Hailstorm                Conj/Ice       1%         3d3       100%        3
 Mephitic Cloud           Conj/Pois/Air  1%         N/A       100%        3
 Spider Form              Tmut/Pois      1%         N/A       100%        3
 Fulminant Prism          Conj/Hex       1%         3d5       100%        4
 Manifold Assault         Tloc           1%         N/A       100%        4
 Agony                    Necr           1%         N/A       100%        5
 Alistair's Intoxication  Tmut/Pois      0%         N/A       100%        5
 Silence                  Hex/Air        1%         N/A       100%        5
 Storm Form               Tmut/Air       0%         N/A       100%        7
 Call Imp                 Summ           Unusable   N/A       N/A         2
 Summon Guardian Golem    Hex/Summ       Unusable   N/A       N/A         3

Inventory:

Hand Weapons
 a - a +2 dagger of electrocution
 b - a +1 vampiric short sword (weapon)
Missiles
 l - 10 curare-tipped darts (quivered) {=f}
 p - a throwing net {=f}
 v - 35 poisoned darts
Armour
 c - a +1 pair of boots (worn)
 j - a +0 kite shield (worn)
 r - the +10 plate armour "Raagor" (worn) {Rampage Regen+}
   (You found it in a bailey)

   Regen:     It increases your rate of health regeneration.
   Rampage:   It bestows one free step when moving towards enemies.
Jewellery
 i - a +6 ring of intelligence
 q - a +6 ring of strength
 s - a +6 ring of strength
 E - a +5 ring of evasion
 I - a +6 ring of intelligence
 S - a +6 ring of strength (left hand)
 T - a +4 ring of protection
 W - a ring of willpower
 Y - a +4 ring of slaying (right hand)
Wands
 e - a wand of quicksilver (5)
 n - a wand of digging (4)
 w - a wand of paralysis (5)
Scrolls
 d - a scroll of blinking
 m - 7 scrolls of teleportation {@r2}
 u - a scroll of fear
Potions
 f - 4 potions of mutation
 g - a potion of magic
 h - 5 potions of flight
 k - a potion of ambrosia
 o - 2 potions of attraction
 t - 2 potions of brilliance

Dungeon Overview and Level Annotations

Branches:
Dungeon (9/15)             Temple (0/1) D:4            Lair (1/5) D:8
 Bailey (visited)
    Orc: D:9-12

Altars:
Okawaru
Ru
Sif Muna
Jiyva

Annotations:
D:8 3 runed translucent doors, exclusion: downstairs, patfeehan111222's ghost, novice MiBe
Lair:1 Erica

.....>...................
.........................
.........................
.........................
.........................
........?................
##...#.#..###P##########
#.........# ## .
#.....@@..# # #.........#
#.........# ##P###P####
## ###


You could see Erica.


Message History

Erica is lightly wounded.
Erica says, "I'm so much better than you."
Erica points at you and mumbles some strange words.
The bolt of poison hits you!
You are poisoned.
* * * LOW HITPOINT WARNING * * *
You hit Erica. Your headbutt misses Erica.
Erica is moderately wounded.
You feel very sick. Erica hits you but does no damage.
You hit Erica but do no damage. Your headbutt misses Erica.
Erica is moderately wounded.
You feel sick.
Erica hits you with a +1 scimitar of flaming.
* * * LOW HITPOINT WARNING * * *
Erica burns you.
* * * LOW HITPOINT WARNING * * *
Your +2 dagger of electrocution stops crackling.
You feel a sense of dread.
b - a +1 vampiric short sword (weapon)
You feel sick. Erica gestures at you while chanting.
The lance of force hits you but does no damage.
You hit Erica. You headbutt Erica!
Erica is moderately wounded.
You feel sick.
Erica points at you and mumbles some strange words.
The bolt of poison hits you!!
You are more poisoned.
You die...

Skill      XL: |  1  2  3  4  5  6  7  8  9 10 11 |
---------------+----------------------------------+-----
Short Blades   | 1 2 3 4 5 6 8 10 | 10.5
Fighting       | 1 2 3 |  3.3
Dodging        | 2 |  2.2
Armour         | 1 2 7 8 |  8.4
Shields        | 1 4 6 7 8 |  8.3
Throwing       | |  3.6
Stealth        | |  1.7
Spellcasting   | |  2.0
Hexes          | |  1.0

Action                     |  1- 3 |  4- 6 |  7- 9 | 10-12 || total
---------------------------+-------+-------+-------+-------++-------
  Melee: Dagger            |   127 |   122 |   508 |   272 ||  1029
         Punch             |       |     1 |       |       ||     1
         Short sword       |       |       |       |    37 ||    37
         Headbutt          |       |       |       |    29 ||    29
 Invoke: Heroism           |       |       |       |     1 ||     1
  Evoke: Wand              |       |       |    11 |       ||    11
    Use: Scroll            |     9 |     2 |    13 |     3 ||    27
         Potion            |     1 |     3 |    10 |     2 ||    16
   Stab: Sleeping          |     5 |     4 |     1 |       ||    10
         Invisible         |       |     3 |     2 |       ||     5
         Distracted        |       |       |     1 |       ||     1
 Armour: Robe              |    23 |    18 |       |       ||    41
         Ring mail         |       |     3 |    93 |       ||    96
         Plate armour      |       |       |       |   163 ||   163
  Dodge: Dodged            |    72 |    48 |    80 |    33 ||   233
  Block: Kite shield       |       |       |   118 |   125 ||   243

Levels and vault maps discovered:
D:1:      dpeg_arrival_shrine, layout_rooms, minmay_tromino_v4_b
D:2:      layout_loops_ring, minmay_fractal_squares_5
D:3:      layout_loops_corners, nicolae_overflow_ecumenical_swirl, uniq_terence
D:4:      layout_basic, minmay_temple_entry_wispy, kennysheep_big_empty_room
D:5:      cheibrodos_iron_armory, layout_basic, sigmund_edmund_badplayer,
          uniq_menkaure, uniq_duvessa
D:6:      layout_loops_ring, nicolae_grassy_gnolls
D:7:      layout_layer_cave
D:8:      layout_cave_pools, mainiacjoe_overflow_24_doors, tgw_sif,
          due_lair_maze_entry_diamond, gammafunk_ghost_ooze, enter_bailey_3
D:9:      layout_long_grid, mainiacjoe_overflow_boulevard, elyvilon_altar_1
Lair:1:   layout_gridlike, gauntlet_entry_generic,
          nicolae_quartered_pool_medium, serial_bayou_shore_b, uniq_erica

Notes
Turn   | Place    | Note
-------+----------+-------------------------------------------
     0 | D:1      | demibob the Demonspawn Wanderer began the quest for the
                  | Orb.
     0 | D:1      | demibob set off with the following items: a +2 dagger, 3
                  | curare-tipped darts {=f}, a +0 pair of boots, a scroll of
                  | blinking, a +0 robe; and the following spell memorised:
                  | Slow; and the following spells available to memorise:
                  | Summon Guardian Golem.
     0 | D:1      | Reached XP level 1. HP: 13/13 MP: 3/3
    78 | D:1      | Reached skill level 1 in Short Blades
   138 | D:1      | Gained mutation: Your demonic aura sometimes causes spilled
                  | blood to erupt in flames. [demonic ancestry]
   138 | D:1      | Reached XP level 2. HP: 14/19 MP: 5/5
   412 | D:1      | Reached skill level 2 in Short Blades
   817 | D:2      | Gained mutation: You regenerate magic rapidly. [demonic
                  | ancestry]
   817 | D:2      | Reached XP level 3. HP: 24/24 MP: 6/6
  1496 | D:3      | Reached skill level 3 in Short Blades
  1496 | D:3      | Reached XP level 4. HP: 30/30 MP: 7/7
  1729 | D:3      | Noticed Terence
  1742 | D:3      | Killed Terence
  1743 | D:3      | Reached skill level 4 in Short Blades
  1897 | D:3      | Gained mutation: You are partially covered in razor-sharp
                  | scales. (AC +1, Slay +1) [demonic ancestry]
  1897 | D:3      | Reached XP level 5. HP: 36/36 MP: 8/8
  2087 | D:3      | Found a faded altar of an unknown god.
  2091 | D:3      | Found an iron altar of Okawaru.
  2569 | D:4      | Reached skill level 1 in Fighting
  2880 | D:4      | Reached skill level 2 in Dodging
  2880 | D:4      | Reached XP level 6. HP: 27/44 MP: 9/9
  2992 | D:4      | Found a staircase to the Ecumenical Temple.
  3149 | D:3      | Became a worshipper of Warmaster Okawaru
  3257 | D:4      | Reached skill level 2 in Fighting
  3257 | D:4      | Reached skill level 5 in Short Blades
  3412 | D:5      | Entered Level 5 of the Dungeon
  3412 | D:5      | Noticed a wraith
  3425 | D:5      | Killed a wraith
  3426 | D:5      | Reached skill level 1 in Armour
  3426 | D:5      | Reached XP level 7. HP: 51/51 MP: 10/10
  3535 | D:5      | Reached * piety under Okawaru
  3641 | D:5      | Noticed Duvessa
  3642 | D:5      | Noticed Dowan
  3656 | D:5      | Killed Dowan
  3657 | D:5      | Reached skill level 3 in Fighting
  3668 | D:5      | Killed Duvessa
  3669 | D:5      | Reached skill level 6 in Short Blades
  3669 | D:5      | Reached skill level 2 in Armour
  3892 | D:5      | Reached skill level 1 in Shields
  4035 | D:5      | Reached ** piety under Okawaru
  4072 | D:5      | Noticed Menkaure
  4101 | D:5      | Killed Menkaure
  4102 | D:5      | Reached XP level 8. HP: 57/58 MP: 11/11
  4347 | D:5      | Noticed Edmund
  4373 | D:5      | Killed Edmund
  4374 | D:5      | Reached skill level 7 in Short Blades
  4374 | D:5      | Reached skill level 2 in Shields
  4516 | D:5      | Noticed Sigmund
  4536 | D:5      | Killed Sigmund
  4660 | D:6      | Reached skill level 3 in Shields
  4682 | D:6      | Reached *** piety under Okawaru
  4683 | D:6      | Reached skill level 8 in Short Blades
  4703 | D:6      | Identified a +1 robe of resistance
  4975 | D:6      | Reached skill level 4 in Shields
  4975 | D:6      | Reached XP level 9. HP: 31/64 MP: 12/12
  5561 | D:6      | Reached skill level 9 in Short Blades
  6138 | D:7      | Reached **** piety under Okawaru
  6148 | D:7      | Noticed a komodo dragon
  6159 | D:7      | Killed a komodo dragon
  6159 | D:7      | Received a gift from Okawaru
  6160 | D:7      | Reached skill level 5 in Shields
  7086 | D:7      | Reached skill level 10 in Short Blades
  7149 | D:8      | Found a flagged portal.
  7167 | Bailey   | Entered a bailey
  7353 | Bailey   | Noticed an orc knight
  7354 | Bailey   | Found a large runed translucent door.
  7354 | Bailey   | Found a large runed translucent door.
  7370 | Bailey   | Noticed a deep elf pyromancer
  7383 | Bailey   | Identified the +1 robe of Plog {rElec rC- Will++ Str+3}
  7387 | Bailey   | Identified the +10 plate armour "Raagor" {Rampage Regen+}
  7445 | D:8      | Identified a potion of resistance
  7664 | D:8      | Received a gift from Okawaru
  7665 | D:8      | Reached skill level 6 in Shields
  7670 | D:8      | Gained mutation: You are mostly covered in razor-sharp
                  | scales. (AC +2, Slay +2) [demonic ancestry]
  7670 | D:8      | Reached XP level 10. HP: 64/69 MP: 13/13
  7729 | D:8      | Reached skill level 3 in Armour
  7937 | D:8      | Received a gift from Okawaru
  7938 | D:8      | Reached skill level 4 in Armour
  8002 | D:8      | Reached ***** piety under Okawaru
  8040 | D:8      | Reached skill level 5 in Armour
  8065 | D:8      | Reached skill level 7 in Shields
  8076 | D:8      | Reached skill level 6 in Armour
  8117 | D:8      | Found a runed translucent gate.
  8117 | D:8      | Found a runed translucent gate.
  8118 | D:8      | Found a runed translucent gate.
  8118 | D:8      | Noticed patfeehan111222's ghost (novice MiBe)
  8264 | D:8      | Found a staircase to the Lair.
  8391 | D:8      | Found a shimmering blue altar of Sif Muna.
  8424 | D:8      | Found a viscous altar of Jiyva.
  8496 | D:9      | Reached skill level 7 in Armour
  8640 | D:9      | Received a gift from Okawaru
  8830 | D:9      | Gained mutation: You have a pair of small horns on your
                  | head. [demonic ancestry]
  8830 | D:9      | Reached XP level 11. HP: 67/75 MP: 14/14
  8999 | D:9      | Found a sacrificial altar of Ru.
  9391 | Lair:1   | Entered Level 1 of the Lair of Beasts
  9415 | Lair:1   | Reached skill level 8 in Shields
  9428 | Lair:1   | Reached skill level 8 in Armour
  9607 | Lair:1   | Noticed Erica
  9621 | Lair:1   | Killed from afar by Erica

Vanquished Creatures
  A cane toad (Lair:1)
  2 komodo dragons
  Sigmund (D:5)
  3 wyverns
  21 yaks
  2 wraiths
  A basilisk (Lair:1)
  A steam dragon (D:9)
  Menkaure (D:5)
  Edmund (D:5)
  3 water moccasins (D:8)
  Duvessa (D:5)
  An acid dragon (D:9)
  A sky beast (D:8)
  6 orc warriors
  3 black bears (D:8)
  3 ogres
  2 centaurs
  4 kobold brigands
  10 bullfrogs
  3 scorpions
  8 wights
  Dowan (D:5)
  5 killer bees
  2 howler monkeys
  2 hounds
  6 orc priests
  2 gnoll boudas
  10 orc wizards
  A sleepcap (D:5)
  3 iguanas
  Terence (D:3)
  6 gnolls
  An adder (D:5)
  A shadow imp (D:6)
  A white imp (D:6)
  An ufetubus (D:5)
  2 worms
  A dart slug (D:4)
  56 orcs
  10 ball pythons
  3 bats (D:2)
  6 endoplasms
  A giant cockroach (D:2)
  11 hobgoblins
  2 quokkas
  4 frilled lizards
  9 goblins
  24 kobolds
  3 rats
254 creatures vanquished.

Vanquished Creatures (others)
  37 fungi
  38 plants
75 creatures vanquished.

Grand Total: 329 creatures vanquished

Table legend: (Time is in decaauts)
 A = Elapsed time spent in this place.
 B = Non-inter-level travel time spent in this place.
 C = Inter-level travel time spent in this place.
 D = Time resting spent in this place.
 E = Time spent auto-exploring this place.
 F = Levels seen in this place.
 G = Mean time per level.
                   A        B        C        D        E       F      G
               +--------+--------+--------+--------+--------+-----+--------+
         Total |   9193 |   8801 |    392 |    729 |   6317 |  11 |  835.7 |
       Dungeon |   8726 |   8351 |    375 |    642 |   6169 |   9 |  969.6 |
          Lair |    219 |    202 |     17 |      0 |     99 |   1 |  219.0 |
        Bailey |    247 |    247 |      0 |     87 |     49 |   1 |  247.0 |
               +--------+--------+--------+--------+--------+-----+--------+

Top non-repeatable levels by time:
     D:7: 1387 daAuts
     D:5: 1094 daAuts
     D:6: 1031 daAuts
     D:3: 991 daAuts
     D:8: 988 daAuts
     D:4: 932 daAuts
     D:9: 856 daAuts
     D:2: 787 daAuts
     D:1: 657 daAuts
  Bailey: 247 daAuts
  Lair:1: 219 daAuts

Table legend:
 A = Non-vault XP
 B = Vault XP
 C = Vault XP percentage of total XP
 D = Non-vault monster count
 E = Vault monster count
 F = Vault count percentage of total count
                 A         B        C        D         E       F
            +---------+---------+-------+---------+---------+-------
      Total |   11613 |    2460 |  17.5 |     214 |      40 |  15.7
            +---------+---------+-------+---------+---------+-------
        D:1 |      25 |       3 |  10.7 |      16 |       2 |  11.1
        D:2 |      28 |       9 |  24.3 |      15 |       5 |  25.0
        D:3 |     113 |      32 |  22.1 |      17 |       1 |   5.6
        D:4 |     322 |       0 |   0.0 |      25 |       0 |   0.0
        D:5 |     656 |     789 |  54.6 |      14 |       5 |  26.3
        D:6 |    1165 |      81 |   6.5 |      31 |       4 |  11.4
        D:7 |    1995 |       0 |   0.0 |      34 |       0 |   0.0
        D:8 |    2223 |    1268 |  36.3 |      21 |      15 |  41.7
        D:9 |    2873 |       0 |   0.0 |      32 |       0 |   0.0
     Lair:1 |    2213 |       0 |   0.0 |       9 |       0 |   0.0
     Bailey |       0 |     278 | 100.0 |       0 |       8 | 100.0
            +---------+---------+-------+---------+---------+-------
